NCAA
SAINT JOHN'S RED STORM @ VIRGINIA TECH HOKIES
05/11/2029
 
TOP OF THE 1ST
Saint John's Red Storm batting - Pitching for Virginia Tech Hokies : LHP Jeremy Spencer
Pitching: LHP Jeremy Spencer
Batting: SHB Roderick Thurman 0-0: Fly out, F7 (Line Drive, 78S)
Batting: LHB Larry Bradley 0-0: Ball
1-0: SINGLE (Flyball, 56D) - OUT at second base trying to stretch hit.
Batting: LHB Richard Shelton 0-0: SINGLE (Line Drive, 78S)
Batting: RHB Thomas Barnes 0-0: Ball
1-0: Ball
2-0: Swinging Strike
2-1: Called Strike
2-2: Ball
3-2: SINGLE (Groundball, 56D)
Richard Shelton to second
Richard Shelton to third
Batting: SHB Timothy McBride 0-0: Ball
1-0: Ball
2-0: Ball
3-0: Called Strike
3-1: Called Strike
3-2: Fly out, F7 (Line Drive, 78D)
Top of the 1st over - 0 runs, 3 hits, 0 errors, 2 left on base; Saint John's 0 - Virginia Tech 0
BOTTOM OF THE 1ST
Virginia Tech Hokies batting - Pitching for Saint John's Red Storm : RHP Brady Adkins
Pitching: RHP Brady Adkins
Batting: RHB Ted Stout 0-0: Called Strike
0-1: Ball
1-1: Ball
2-1: Foul Ball, location: 2F
2-2: Ball
3-2: Base on Balls
Batting: LHB Chris López 0-0: Foul Ball, location: 2F
0-1: Ball
1-1: Grounds into double play, 1-6-3 (Groundball, P)
Batting: RHB Eric Clay 0-0: Ball
1-0: Called Strike
1-1: Ball
2-1: Swinging Strike
2-2: Ground out 1-3 (Groundball, 13S)
Bottom of the 1st over - 0 runs, 0 hits, 0 errors, 0 left on base; Saint John's 0 - Virginia Tech 0
TOP OF THE 2ND
Saint John's Red Storm batting - Pitching for Virginia Tech Hokies : LHP Jeremy Spencer
Batting: LHB Roger Faulkner 0-0: Ball
1-0: Swinging Strike
1-1: Fly out, F7 (Flyball, 7S)
Batting: RHB Mark Lester 0-0: Fly out, F7 (Flyball, 7LS)
Batting: RHB Jarrod Campbell 0-0: Swinging Strike
0-1: Foul Ball, location: 2F
0-2: Ball
1-2: Fly out, F9 (Flyball, 89M)
Top of the 2nd over - 0 runs, 0 hits, 0 errors, 0 left on base; Saint John's 0 - Virginia Tech 0
BOTTOM OF THE 2ND
Virginia Tech Hokies batting - Pitching for Saint John's Red Storm : RHP Brady Adkins
Batting: RHB Dusty Green 0-0: Called Strike
0-1: Ball
1-1: Foul Ball, location: 2F
1-2: Fly out, F9 (Flyball, 9S)
Batting: RHB Jack Jenkins 0-0: Called Strike
0-1: Ball
1-1: Ball
2-1: Ball
3-1: Foul Ball, location: 2F
3-2: Foul Ball, location: 2F
3-2: Fly out, F8 (Flyball, 8LM)
Batting: RHB Will McDonald 0-0: Ball
1-0: Called Strike
1-1: Ball
2-1: Ball
3-1: Base on Balls
Batting: SHB Daniel Lee 0-0: Foul Ball, location: 2F
0-1: Swinging Strike
0-2: Strikes out swinging
Bottom of the 2nd over - 0 runs, 0 hits, 0 errors, 1 left on base; Saint John's 0 - Virginia Tech 0
TOP OF THE 3RD
Saint John's Red Storm batting - Pitching for Virginia Tech Hokies : LHP Jeremy Spencer
Batting: RHB Pete King 0-0: Foul Ball, location: 2F
0-1: Foul Ball, location: 2F
0-2: Ball
1-2: Ball
2-2: Strikes out swinging
Batting: SHB Roderick Thurman 0-0: Called Strike
0-1: Swinging Strike
0-2: Ball
1-2: Ball
2-2: Strikes out looking
Batting: LHB Larry Bradley 0-0: Ball
1-0: Ball
2-0: Called Strike
2-1: Foul Ball, location: 2F
2-2: SINGLE (Line Drive, 4MD)
Batting: LHB Richard Shelton 0-0: Ball
1-0: 2-RUN HOME RUN (Flyball, 9D), Distance : 347 ft
Batting: RHB Thomas Barnes 0-0: Ball
1-0: Ball
2-0: Ball
3-0: Called Strike
3-1: Ground out 4-3 (Groundball, 4)
Top of the 3rd over - 2 runs, 2 hits, 0 errors, 0 left on base; Saint John's 2 - Virginia Tech 0
BOTTOM OF THE 3RD
Virginia Tech Hokies batting - Pitching for Saint John's Red Storm : RHP Brady Adkins
Batting: RHB Primo Owen 0-0: Foul Ball, location: 2F
0-1: Swinging Strike
0-2: Ball
1-2: Fly out, F8 (Line Drive, 8RD)
Batting: RHB Tim Wise 0-0: Foul Ball, location: 2F
0-1: Foul Ball, location: 2F
0-2: Foul Ball, location: 2F
0-2: Ball
1-2: Foul Ball, location: 2F
1-2: Ball
2-2: Ball
3-2: Fly out, F7 (Flyball, 78M)
Batting: RHB Ted Stout 0-0: Ball
1-0: Ball
2-0: Ball
3-0: Base on Balls
Batting: LHB Chris López 0-0: Called Strike
0-1: Called Strike
0-2: Ball
1-2: Ball
2-2: Fly out, F6 (Popup, 6M)
Bottom of the 3rd over - 0 runs, 0 hits, 0 errors, 1 left on base; Saint John's 2 - Virginia Tech 0
TOP OF THE 4TH
Saint John's Red Storm batting - Pitching for Virginia Tech Hokies : LHP Jeremy Spencer
Batting: SHB Timothy McBride 0-0: Ball
1-0: Ball
2-0: Foul Ball, location: 2F
2-1: Called Strike
2-2: Ball
3-2: Foul Ball, location: 2F
3-2: Foul Ball, location: 2F
3-2: Base on Balls
Batting: LHB Roger Faulkner 0-0: Ball
Timothy McBride is caught stealing 2nd base
1-0: SOLO HOME RUN (Flyball, 7D), Distance : 343 ft
Batting: RHB Mark Lester 0-0: Swinging Strike
0-1: Ground out U3 (Groundball, 34S)
Batting: RHB Jarrod Campbell 0-0: Hit by Pitch
Batting: RHB Pete King 0-0: Ball
1-0: Ball
2-0: Called Strike
2-1: Foul Ball, location: 2F
2-2: Fielders Choice at 2nd, 6-4 (Groundball, 6)
Top of the 4th over - 1 run, 1 hit, 0 errors, 1 left on base; Saint John's 3 - Virginia Tech 0
BOTTOM OF THE 4TH
Virginia Tech Hokies batting - Pitching for Saint John's Red Storm : RHP Brady Adkins
Batting: RHB Eric Clay 0-0: Called Strike
0-1: Ball
1-1: Foul Ball, location: 2F
1-2: Ball
2-2: Ground out 6-3 (Groundball, 6)
Batting: RHB Dusty Green 0-0: Ball
1-0: Ball
2-0: Ball
3-0: Base on Balls
Batting: RHB Jack Jenkins 0-0: Ball
1-0: Ball
2-0: Ball
3-0: Base on Balls
Dusty Green to second
Batting: RHB Will McDonald 0-0: Ball
1-0: Ground out 6-3 (Groundball, 6S)
Dusty Green to third
Jack Jenkins to second
Batting: SHB Daniel Lee 0-0: Foul Ball, location: 2F
0-1: Ball
1-1: Ball
2-1: SINGLE (Groundball, 6D)
Dusty Green scores
Jack Jenkins to third
Runner from 3rd tries for Home, SAFE, throw made home
Batting: RHB Primo Owen 0-0: Ball
1-0: Ball
2-0: Foul Ball, location: 2F
2-1: Ball
Daniel Lee steals 2nd base
3-1: Base on Balls
Pitching: LHP Andy Fitzpatrick
Batting: RHB Tim Wise 0-0: Ball
1-0: Ball
2-0: Ball
3-0: Base on Balls
Daniel Lee to third
Primo Owen to second
Batting: RHB Ted Stout 0-0: Called Strike
0-1: Foul Ball, location: 2F
0-2: Foul Ball, location: 2F
0-2: Foul Ball, location: 2F
0-2: Ball
1-2: Ball
2-2: Ball
3-2: Foul Ball, location: 2F
3-2: Fly out, F1 (Line Drive, 15)
Bottom of the 4th over - 2 runs, 1 hit, 0 errors, 3 left on base; Saint John's 3 - Virginia Tech 2
TOP OF THE 5TH
Saint John's Red Storm batting - Pitching for Virginia Tech Hokies : LHP Jeremy Spencer
Batting: SHB Roderick Thurman 0-0: Ball
1-0: Called Strike
1-1: Ground out 5-3 (Groundball, 5)
Batting: LHB Larry Bradley 0-0: Ball
1-0: Foul Ball, location: 2F
1-1: Foul Ball, location: 2F
1-2: Ball
2-2: SINGLE (Line Drive, 9LS)
Batting: LHB Richard Shelton 0-0: Ball
1-0: Swinging Strike
1-1: Ball
2-1: 2-RUN HOME RUN (Flyball, 9D), Distance : 349 ft
Batting: RHB Thomas Barnes 0-0: Foul Ball, location: 2F
0-1: Ball
1-1: Ball
2-1: SINGLE (Groundball, 56D)
Pitching: RHP Bill Dickerson
Batting: SHB Timothy McBride 0-0: Ball
1-0: Called Strike
1-1: Ball
2-1: Foul Ball, location: 2F
2-2: Fielders Choice at 2nd, 6-4 (Groundball, 6)
Batting: LHB Roger Faulkner 0-0: Foul Ball, location: 2F
0-1: Ball
1-1: Ball
2-1: Swinging Strike
2-2: Fielders Choice at 2nd, U6 (Groundball, 6M)
Top of the 5th over - 2 runs, 3 hits, 0 errors, 1 left on base; Saint John's 5 - Virginia Tech 2
BOTTOM OF THE 5TH
Virginia Tech Hokies batting - Pitching for Saint John's Red Storm : LHP Andy Fitzpatrick
Batting: LHB Chris López 0-0: Ball
1-0: Ball
2-0: Ground out U3 (Groundball, 3)
Batting: RHB Eric Clay 0-0: Foul Ball, location: 2F
0-1: Called Strike
0-2: Foul Ball, location: 2F
0-2: Foul Ball, location: 2F
0-2: Ground out 4-3 (Groundball, 4M)
Batting: RHB Dusty Green 0-0: Ball
1-0: Foul Ball, location: 2F
1-1: Ball
2-1: Foul Ball, location: 2F
2-2: Ball
3-2: DOUBLE (Flyball, 8RD)
Batting: RHB Jack Jenkins 0-0: Fly out, F6 (Popup, 6)
Bottom of the 5th over - 0 runs, 1 hit, 0 errors, 1 left on base; Saint John's 5 - Virginia Tech 2
TOP OF THE 6TH
Saint John's Red Storm batting - Pitching for Virginia Tech Hokies : RHP Bill Dickerson
Batting: RHB Mark Lester 0-0: Called Strike
0-1: Swinging Strike
0-2: Ball
1-2: Foul Ball, location: 2F
1-2: Foul Ball, location: 2F
1-2: Fly out, F8 (Flyball, 78D)
Batting: RHB Jarrod Campbell 0-0: Ball
1-0: Ball
2-0: Ball
3-0: Called Strike
3-1: Swinging Strike
3-2: Strikes out looking
Batting: RHB Pete King 0-0: Called Strike
0-1: Swinging Strike
0-2: Ball
1-2: Ground out 6-3 (Groundball, 6M)
Top of the 6th over - 0 runs, 0 hits, 0 errors, 0 left on base; Saint John's 5 - Virginia Tech 2
BOTTOM OF THE 6TH
Virginia Tech Hokies batting - Pitching for Saint John's Red Storm : LHP Andy Fitzpatrick
Batting: RHB Will McDonald 0-0: Ball
1-0: SINGLE (Line Drive, 8LS)
Batting: SHB Daniel Lee 0-0: Ball
1-0: Called Strike
1-1: Ball
2-1: Called Strike
2-2: DOUBLE (Line Drive, 78D)
Will McDonald to third
Batting: RHB Primo Owen 0-0: Swinging Strike
0-1: Called Strike
0-2: Strikes out swinging
Batting: RHB Tim Wise 0-0: Ball
1-0: Foul Ball, location: 2F
1-1: Ball
2-1: Ball
3-1: Base on Balls
Batting: RHB Ted Stout 0-0: Called Strike
0-1: Ball
1-1: Ball
2-1: Ball
3-1: SINGLE (Flyball, 9S)
Will McDonald scores
Daniel Lee to third
Tim Wise to second
Batting: LHB Chris López 0-0: Ball
1-0: Ball
2-0: Ball
3-0: Called Strike
3-1: Base on Balls
Daniel Lee scores
Tim Wise to third
Ted Stout to second
Pitching: RHP Andrew Luna
Batting: RHB Eric Clay 0-0: Foul Ball, location: 2F
0-1: Ball
1-1: Ball
2-1: Ball
3-1: Called Strike
3-2: SINGLE (Groundball, 4D)
Tim Wise scores
Ted Stout to third
Chris López to second
Batting: RHB Dusty Green 0-0: Swinging Strike
0-1: Ball
1-1: Ball
2-1: Ball
3-1: Foul Ball, location: 2F
3-2: Grounds into fielders choice 6-2 (Groundball, 6MS)
Chris López to third
Eric Clay to second
Batting: RHB Jack Jenkins 0-0: Called Strike
0-1: Ground out 5-3 (Groundball, 56S)
Bottom of the 6th over - 3 runs, 4 hits, 0 errors, 3 left on base; Saint John's 5 - Virginia Tech 5
TOP OF THE 7TH
Saint John's Red Storm batting - Pitching for Virginia Tech Hokies : RHP Bill Dickerson
Batting: SHB Roderick Thurman 0-0: Foul Ball, location: 2F
0-1: Ball
1-1: Foul Ball, location: 2F
1-2: Ball
2-2: Fly out, F7 (Flyball, 7LS)
Batting: LHB Larry Bradley 0-0: Ball
1-0: Foul Ball, location: 2F
1-1: Foul Ball, location: 2F
1-2: Ball
2-2: Ball
3-2: Strikes out swinging
Batting: LHB Richard Shelton 0-0: Ball
1-0: Ball
2-0: Ball
3-0: Called Strike
3-1: Called Strike
3-2: Base on Balls
Batting: RHB Thomas Barnes 0-0: Ball
1-0: Foul Ball, location: 2F
1-1: Ball
2-1: Ground out 4-3 (Groundball, 4)
Top of the 7th over - 0 runs, 0 hits, 0 errors, 1 left on base; Saint John's 5 - Virginia Tech 5
BOTTOM OF THE 7TH
Virginia Tech Hokies batting - Pitching for Saint John's Red Storm : RHP Andrew Luna
Batting: RHB Will McDonald 0-0: Ball
1-0: Ball
2-0: Ball
3-0: Base on Balls
Batting: SHB Daniel Lee 0-0: Ball
1-0: Fielders Choice at 2nd, 6-4 (Groundball, 6)
Batting: RHB Primo Owen 0-0: Foul Ball, location: 2F
0-1: SINGLE (Flyball, 8RS)
Daniel Lee to second
Pinch Hitting: RHB Jake Holmes 0-0: Ball
1-0: Foul Ball, location: 2F
1-1: Foul Ball, location: 2F
1-2: Ball
2-2: Ball
3-2: Foul Ball, location: 2F
3-2: Foul Ball, location: 2F
3-2: Foul Ball, location: 2F
3-2: Base on Balls
Daniel Lee to third
Primo Owen to second
Batting: RHB Ted Stout 0-0: Ball
1-0: SINGLE (Groundball, 4D)
Daniel Lee scores
Primo Owen to third
Jake Holmes to second
Pitching: LHP Leonard Herrera
Batting: LHB Chris López 0-0: Swinging Strike
0-1: Ball
1-1: Grounds into fielders choice 4-2 (Groundball, 34D)
Jake Holmes to third
Ted Stout to second
Pitching: RHP Trey Sims
Batting: RHB Eric Clay 0-0: Ball
1-0: Ball
2-0: Ball
3-0: Base on Balls
Jake Holmes scores
Ted Stout to third
Chris López to second
Batting: RHB Dusty Green 0-0: Called Strike
0-1: Foul Ball, location: 2F
0-2: Ball
1-2: Strikes out swinging
Bottom of the 7th over - 2 runs, 2 hits, 0 errors, 3 left on base; Saint John's 5 - Virginia Tech 7
TOP OF THE 8TH
Saint John's Red Storm batting - Pitching for Virginia Tech Hokies : RHP Bill Dickerson
Now at SS: Jake Holmes
Batting: SHB Timothy McBride 0-0: Ball
1-0: Ball
2-0: Foul Ball, location: 2F
2-1: Foul Ball, location: 2F
2-2: Ball
3-2: Base on Balls
Batting: LHB Roger Faulkner 0-0: Ball
1-0: Foul Ball, location: 2F
1-1: Fly out, F6 (Popup, 6MS)
Pitching: LHP Tony McDermott
Batting: RHB Mark Lester 0-0: Ball
1-0: SINGLE (Flyball, 6MD)
Timothy McBride to second
Batting: RHB Jarrod Campbell 0-0: Fly out, F8 (Flyball, 8RM)
Pinch Hitting: SHB Javier Rosado 0-0: Foul Ball, location: 2F
0-1: Ball
1-1: Foul Ball, location: 2F
1-2: DOUBLE (Flyball, 89D)
Timothy McBride scores
Mark Lester to third
Runner from 3rd tries for Home, SAFE, no throw
Batting: SHB Roderick Thurman 0-0: Foul Ball, location: 2F
0-1: Foul Ball, location: 2F
0-2: Foul Ball, location: 2F
0-2: Ball
1-2: Ball
2-2: Ball
3-2: Foul Ball, location: 2F
3-2: Ground out 5-3 (Groundball, 56)
Top of the 8th over - 2 runs, 2 hits, 0 errors, 1 left on base; Saint John's 7 - Virginia Tech 7
BOTTOM OF THE 8TH
Virginia Tech Hokies batting - Pitching for Saint John's Red Storm : RHP Trey Sims
Now at SS: Russ Long
Batting: RHB Jack Jenkins 0-0: Ball
1-0: Ball
2-0: Called Strike
2-1: Swinging Strike
2-2: Ball
3-2: Base on Balls
Batting: RHB Will McDonald 0-0: Ball
1-0: Grounds into double play, 6-4-3 (Groundball, 6M)
Batting: SHB Daniel Lee 0-0: Foul Ball, location: 2F
0-1: Ball
1-1: Foul Ball, location: 2F
1-2: Foul Ball, location: 2F
1-2: Ball
2-2: Ball
3-2: SINGLE (Line Drive, 4D)
Batting: RHB Primo Owen 0-0: Ball
Error on foul ball, E3
1-1: Swinging Strike
1-2: Foul Ball, location: 2F
1-2: Strikes out looking
Bottom of the 8th over - 0 runs, 1 hit, 1 error, 1 left on base; Saint John's 7 - Virginia Tech 7
TOP OF THE 9TH
Saint John's Red Storm batting - Pitching for Virginia Tech Hokies : LHP Tony McDermott
Pitching: RHP Dan King
Batting: LHB Larry Bradley 0-0: Ball
1-0: Ground out 4-3 (Groundball, 4)
Batting: LHB Richard Shelton 0-0: Ball
1-0: Called Strike
1-1: Ball
2-1: Foul Ball, location: 2F
2-2: Ball
3-2: Base on Balls
Batting: RHB Thomas Barnes 0-0: Ball
1-0: Fly out, F9 (Flyball, 89D)
Batting: SHB Timothy McBride 0-0: Ball
1-0: Foul Ball, location: 2F
1-1: Ball
2-1: Ball
3-1: Swinging Strike
3-2: Foul Ball, location: 2F
3-2: Strikes out looking
Top of the 9th over - 0 runs, 0 hits, 0 errors, 1 left on base; Saint John's 7 - Virginia Tech 7
BOTTOM OF THE 9TH
Virginia Tech Hokies batting - Pitching for Saint John's Red Storm : RHP Trey Sims
Pitching: RHP Leonardo Castillo
Batting: RHB Jake Holmes 0-0: Ball
1-0: Ball
2-0: Called Strike
2-1: Swinging Strike
2-2: Foul Ball, location: 2F
2-2: Foul Ball, location: 2F
2-2: Strikes out swinging
Pinch Hitting: SHB Junior Campbell 0-0: Called Strike
0-1: Ball
1-1: Called Strike
1-2: Foul Ball, location: 2F
1-2: Foul Ball, location: 2F
1-2: Ball
2-2: Foul Ball, location: 2F
2-2: Foul Ball, location: 2F
2-2: Strikes out swinging
Batting: LHB Chris López 0-0: Called Strike
0-1: Foul Ball, location: 2F
0-2: Strikes out swinging
Bottom of the 9th over - 0 runs, 0 hits, 0 errors, 0 left on base; Saint John's 7 - Virginia Tech 7
TOP OF THE 10TH
Saint John's Red Storm batting - Pitching for Virginia Tech Hokies : RHP Dan King
Now at 3B: Junior Campbell
Batting: LHB Roger Faulkner 0-0: Called Strike
0-1: Foul Ball, location: 2F
0-2: Ball
1-2: Foul Ball, location: 2F
1-2: SINGLE (Flyball, 8RS)
Batting: RHB Mark Lester 0-0: Ball
1-0: Ball
2-0: Ball
3-0: Called Strike
3-1: Called Strike
3-2: Base on Balls
Roger Faulkner to second
Batting: RHB Jarrod Campbell 0-0: Bunted foul
0-1: Ball
1-1: Bunted foul
1-2: Ground out U3 (Groundball, 3L)
Roger Faulkner to third
Mark Lester to second
Batting: RHB Russ Long 0-0: Foul Ball, location: 2F
0-1: Fly out, F5 (Line Drive, 56)
Batting: SHB Roderick Thurman 0-0: Single, Error in OF, E8, batter to second base
Roger Faulkner scores
Mark Lester scores
Batting: LHB Larry Bradley 0-0: Ball
1-0: Ball
2-0: Ball
3-0: Base on Balls
Batting: LHB Richard Shelton 0-0: Ball
1-0: Ball
2-0: Ball
3-0: Called Strike
3-1: Swinging Strike
3-2: Base on Balls
Roderick Thurman to third
Larry Bradley to second
Batting: RHB Thomas Barnes 0-0: Called Strike
0-1: Foul Ball, location: 2F
0-2: Foul Ball, location: 2F
0-2: Ball
1-2: Ball
2-2: SINGLE (Groundball, 6S) (infield hit)
Roderick Thurman scores
Larry Bradley to third
Richard Shelton to second
Pitching: RHP Tom Strickland
Batting: SHB Timothy McBride 0-0: Ball
1-0: Fly out, F9 (Flyball, 9)
Top of the 10th over - 3 runs, 3 hits, 1 error, 3 left on base; Saint John's 10 - Virginia Tech 7
BOTTOM OF THE 10TH
Virginia Tech Hokies batting - Pitching for Saint John's Red Storm : RHP Leonardo Castillo
Batting: RHB Eric Clay 0-0: Ball
1-0: Ball
2-0: Ball
3-0: Called Strike
3-1: Ground out 3-1 (Groundball, 34S)
Batting: RHB Dusty Green 0-0: Ground out 6-3 (Groundball, 6)
Batting: RHB Jack Jenkins 0-0: Ball
1-0: Ball
2-0: Ball
3-0: Called Strike
3-1: Ground out 5-3 (Groundball, 5)
Bottom of the 10th over - 0 runs, 0 hits, 0 errors, 0 left on base; Saint John's 10 - Virginia Tech 7
Saturday, December 16th, 2017 - OOTP Baseball 18.8 Build 76